 Dungeon Crawl Stone Soup version 0.15-a0-123-geffbfde (webtiles) character file.

3598 Kanakotka the Martial Artist (level 9, -2/63 HPs)
             Began as an Octopode Monk on Apr 11, 2014.
             Slain by an orc warrior
             ... wielding a +0,+1 trident
              (18 damage)
             ... on Level 7 of the Dungeon.
             The game lasted 00:40:59 (11805 turns).

Kanakotka the Martial Artist (Octopode Monk)       Turns: 11805, Time: 00:40:59

HP  -2/63        AC  1     Str 11      XL: 9   Next: 95%
MP   9/9         EV 16     Int 12      God:
Gold 420         SH  0     Dex 17      Spells:  0 memorised,  8 levels left

rFire  . . .     SeeInvis .     u - +6 spear "Juakk" {pierce, Stlth++}
rCold  . . .     Clarity  +     (no shield)
rNeg   . . .     Conserve .     (helmet restricted)
rPois  .         rCorr    .     g - amulet of clarity
rElec  .         rRot     .     e - ring of regeneration
SustAb . .       Spirit   .     (no ring)
rMut   .         Warding  .     (no ring)
Saprov . . .     Stasis   .     (no ring)
MR     .....                    (no ring)
                                (no ring)
                                (no ring)
                                (no ring)

@: invisible, very slightly contaminated, not resistant to hostile enchantments,
extraordinarily stealthy
A: almost no armour, amphibious, 8 rings, constrict 8, camouflage 1, gelatinous
body 1
a: no special abilities


You were on level 7 of the Dungeon.
You were not hungry.

You visited 2 branches of the dungeon, and saw 9 of its levels.
You also visited: Sewer.

You collected 420 gold pieces.

Inventory:

Hand weapons
 o - a +0 blowgun
 u - the +6,+6 spear "Juakk" (weapon) {pierce, Stlth++}
   (You found it on level 7 of the Dungeon)

   It inflicts extra damage upon your enemies.
   It makes you much more stealthy.
Missiles
 n - 6 curare-tipped needles
Magical devices
 a - a wand of frost (2)
 h - a wand of magic darts (13)
Comestibles
 b - 4 bread rations
 x - a rotting chunk of rat flesh
Scrolls
 c - 2 scrolls of fear
 f - a scroll of enchant weapon I
 i - 4 scrolls of identify
 k - 2 scrolls of remove curse
 m - 2 scrolls of blinking
 r - 4 scrolls of teleportation
 t - a scroll of enchant armour
Jewellery
 e - a ring of regeneration (left tentacle)
 g - an amulet of clarity (around mantle)
Potions
 d - 6 potions of curing
 j - 2 potions of restore abilities
 l - 2 potions of haste
 p - a potion of heal wounds
 s - 3 potions of flight
Books
 v - a book of Party Tricks

   Spells                             Type                      Level
   Summon Butterflies                 Summoning                    1
   Apportation                        Translocation                1
   Blink                              Translocation                2
   Alistair's Intoxication            Transmutation/Poison         4
   Tukima's Dance                     Hexes                        5


   Skills:
 + Level 6.9 Fighting
 * Level 3.4 Polearms
 + Level 6.5 Dodging
 + Level 8.6 Stealth
 + Level 9.1 Unarmed Combat


You had 8 spell levels left.
You didn't know any spells.

Dungeon Overview and Level Annotations

Branches:
Dungeon (8/15)             Temple (1/1) D:5            Lair (0/8) D:8

Altars:
Ashenzari
Cheibriados
Elyvilon
Fedhas
Kikubaaqudgha
Makhleb
Nemelex Xobeh
Okawaru
Sif Muna
Trog
Vehumet
Xom
Yredelemnul
Zin
The Shining One

Shops:
D:4 !   D:6 [   D:8 *


Innate Abilities, Weirdness & Mutations

You cannot wear most types of armour.
You are amphibious.
You can wear up to eight rings at the same time.
You can use your tentacles to constrict many enemies at once.
Your skin changes colour to match your surroundings (Stlth).
Your rubbery body absorbs attacks (AC +1).


Message History

You hit the orc warrior. Your grab misses the orc warrior.
The orc warrior is heavily wounded.
The orc warrior barely misses you. The orc warrior completely misses you.
You hit the orc warrior but do no damage.
You grab the orc warrior.
The orc warrior is heavily wounded.
You constrict the orc warrior, but do no damage.
You release your grip on the orc warrior.
The orc warrior misses you.
You hit the orc warrior. You grab the orc warrior. You squeeze the orc warrior.
The orc warrior is severely wounded.
You constrict the orc warrior.
You release your grip on the orc warrior.
The orc warrior hits you with a trident!
* * * LOW HITPOINT WARNING * * *
You miss the orc warrior. Your grab misses the orc warrior.
The orc warrior is severely wounded.
The orc warrior hits you with a trident!
You die...

#...........# ########### #...
#...........# ##..b.#....## #.##
#.......o...###..##...##..## #...
.......##'####..####.####..# #..#
.####..##.# #.##..#'#..##.# #<.#
.# #.o##.# #.##....._.##.####.#
.# #..##.####..##.....##..#....#
.####..##........##.b.##..##.####
.......#######)#@.##.##..###.####
...>............o..###..........+
#.#.######...#.###.....##########
#...# ###+#.......##.## # ###.#
#.........#.##.# #.#
#.........#.##.# #.#
#.........#....#
###.####.........######
........##########


You could see an orc warrior.

Vanquished Creatures
  The ghost of Kanakotka the Insei, an experienced OpMo (D:5)
  A centaur skeleton (D:8)
  Prince Ribbit (D:7)
  A hungry ghost (D:8)
  Eustachio (D:7)
  A hippogriff (D:7)
  Edmund (D:5)
  An ice beast (D:6)
  A centaur (D:5)
  Sigmund (D:2)
  Blork the orc (D:7)
  7 giant frogs
  3 killer bees (D:8)
  A scorpion (D:7)
  4 wights (D:6)
  A troll skeleton (D:7)
  A goliath beetle (D:8)
  A quasit (D:5)
  2 orc priests (D:8)
  2 orc wizards (D:4)
  A gnoll shaman (D:8)
  Natasha (thrice) (D:3)
  2 iguanas
  4 worker ants
  2 ogre zombies
  2 hound skeletons
  4 gnolls (D:8)
  10 adders
  3 giant mites (D:5)
  An inept feature mimic (D:6)
  6 worms
  2 adder skeletons
  An adder zombie (D:6)
  2 giant eyeballs (D:7)
  14 giant geckos
  4 oozes
  11 orcs
  9 giant cockroaches
  19 hobgoblins
  4 jackals (Sewer)
  12 kobolds
  3 ball pythons
  21 bats
  A giant cockroach zombie (D:5)
  A giant gecko skeleton (D:6)
  7 giant newts
  18 goblins
  A hobgoblin zombie (D:7)
  2 orc skeletons
  4 quokkas
  15 rats
  3 butterflies (D:7)
225 creatures vanquished.

Notes
Turn   | Place    | Note
--------------------------------------------------------------
     0 | D:1      | Kanakotka, the Octopode Monk, began the quest for the Orb.
     0 | D:1      | Reached XP level 1. HP: 16/16 MP: 1/1
   249 | D:1      | Reached XP level 2. HP: 21/21 MP: 2/2
   883 | D:1      | Reached XP level 3. HP: 23/26 MP: 3/3
  1135 | D:2      | Found a glowing golden altar of the Shining One.
  1220 | D:2      | Noticed Sigmund
  1233 | D:2      | Killed Sigmund
  1233 | D:2      | Reached XP level 4. HP: 10/31 MP: 4/4
  1674 | D:2      | Reached skill level 5 in Unarmed Combat
  1846 | D:2      | Reached XP level 5. HP: 36/36 MP: 5/5
  3098 | D:3      | Found a shattered altar of Ashenzari.
  3350 | D:3      | Noticed Natasha
  3358 | D:3      | Killed Natasha
  3411 | D:3      | Noticed Natasha
  3419 | D:3      | Killed Natasha
  3419 | D:3      | Reached XP level 6. HP: 26/43 MP: 6/6
  3733 | D:3      | Noticed Natasha
  3741 | D:3      | Killed Natasha
  4075 | D:4      | HP: 2/43 [ogre/giant club (7)]
  4765 | D:5      | Entered Level 5 of the Dungeon
  4927 | D:5      | Noticed Kanakotka's ghost (experienced OpMo)
  5115 | D:5      | Found a glowing drain.
  5226 | Sewer    | Entered a sewer
  5233 | Sewer    | Reached skill level 6 in Unarmed Combat
  5417 | Sewer    | Reached skill level 5 in Stealth
  6067 | D:4      | Reached XP level 7. HP: 14/48 MP: 7/7
  6243 | D:4      | Found Wuecoi's Distillery.
  6679 | D:5      | Found a staircase to the Ecumenical Temple.
  6687 | Temple   | Entered the Ecumenical Temple
  6945 | D:5      | Noticed Edmund
  6980 | D:6      | Found Vinish's Antique Armour Boutique.
  7211 | D:5      | Killed Edmund
  7903 | D:5      | Killed Kanakotka's ghost
  7903 | D:5      | Reached skill level 5 in Fighting
  7903 | D:5      | Reached skill level 7 in Unarmed Combat
  7903 | D:5      | Reached XP level 8. HP: 44/55 MP: 8/8
  8157 | D:6      | Paralysed by a potion of paralysis for 4 turns
  8472 | D:6      | Reached skill level 5 in Dodging
  9571 | D:7      | Found a sparkling altar of Nemelex Xobeh.
  9834 | D:7      | Reached skill level 8 in Unarmed Combat
  9950 | D:7      | Got a heavily runed helmet
  9952 | D:7      | Identified the cursed -1 helmet "Throidot" {Stlth++} (You found it on level 7 of the Dungeon)
 10043 | D:7      | Reached XP level 9. HP: 54/62 MP: 9/9
 10064 | D:7      | Noticed Prince Ribbit
 10071 | D:7      | Killed Prince Ribbit
 10302 | D:7      | Noticed Blork the orc
 10326 | D:7      | Killed Blork the orc
 10361 | D:7      | Got a dazzling spear
 10362 | D:7      | Identified the +6,+6 spear "Juakk" {pierce, Stlth++} (You found it on level 7 of the Dungeon)
 10398 | D:7      | Noticed Eustachio
 10407 | D:7      | Killed Eustachio
 10407 | D:7      | Reached skill level 1 in Polearms
 10966 | D:8      | Found a staircase to the Lair.
 11251 | D:8      | Found an iron altar of Okawaru.
 11300 | D:8      | Reached skill level 9 in Unarmed Combat
 11516 | D:8      | Found Thosaec's Elemental Accessories.
 11805 | D:7      | Slain by an orc warrior

Action                   |  1- 3 |  4- 6 |  7- 9 || total
-------------------------+-------+-------+-------++-------
Melee: Unarmed           |    45 |   213 |   204 ||   462
       Spear             |       |       |   108 ||   108
Evoke: Wand              |     1 |     1 |     2 ||     4
  Use: Scroll            |     1 |    10 |     5 ||    16
       Potion            |     2 |     7 |    11 ||    20
 Stab: Sleeping          |     6 |    22 |    39 ||    67
       Distracted        |       |       |     5 ||     5
       Invisible         |       |       |     1 ||     1
